 Dungeon Crawl Stone Soup version 0.31-a0-221-gbddc013574 (webtiles) character file.

Game seed: 285567796718403970

1470 qw the Cleaver (level 8, 0/51 HPs)
             Began as a Gargoyle Fighter on July 4, 2023.
             Slain by a gnoll sergeant
             ... wielding a +1 spear of venom
              (1 damage)
             ... on level 5 of the Dungeon.
             The game lasted 00:02:26 (5015 turns).

qw the Cleaver (Gargoyle Fighter)                   Turns: 5015, Time: 00:02:27

Health: 0/51       AC: 16    Str: 23    XL:     8   Next: 78%
Magic:  8/8        EV: 11    Int:  8    God:
Gold:   93         SH:  5    Dex: 15    Spells: 7/7 levels left

rFire   . . .        Y - +0 war axe
rCold   . . .        c - +0 buckler
rNeg    + . .        b - +0 scale mail
rPois   inf          p - +2 hat
rElec   +            h - +1 cloak
rCorr   .            (no gloves)
SInv    .            (no boots)
Will    .....        j - amulet of the acrobat Stlth
                     f - +6 ring of dexterity
HPRegen 0.28/turn    (no ring)
MPRegen 0.11/turn

%: acrobat
@: no status effects
A: sickness immunity, AC +5, negative energy resistance 1, electricity
resistance, torment resistance 1, petrification resistance
a: no special abilities


You were on level 5 of the Dungeon.
You visited 1 branch of the dungeon, and saw 5 of its levels.

You collected 235 gold pieces.
You spent 142 gold pieces at shops.


Innate Abilities, Weirdness & Mutations

You are immune to sickness and miasma.
Your stone body is resilient. (AC +5)
You are immune to poison.
You resist negative energy. (rN+)
You are resistant to electric shocks. (rElec)
You are resistant to unholy torment.
You are immune to petrification.


   Skills:
 + Level 5.6 Fighting
 - Level 8.3 Axes
 - Level 1.0 Throwing
 - Level 3.2 Armour
 - Level 2.8 Dodging
 - Level 3.2 Shields


You had 7 spell levels left.
You didn't know any spells.
Your spell library was empty.

Inventory:

Hand Weapons
 e - a +0 flail
 Y - a +0 war axe (weapon)
Missiles
 q - a boomerang (quivered)
Armour
 b - a +0 scale mail (worn)
 c - a +0 buckler (worn)
 h - a +1 cloak (worn)
 p - a +2 hat (worn)
 r - the +1 ring mail of the Original Sin {rC+ Regen+ Dex-4 Stlth+}
   (You found it on level 5 of the Dungeon)

   Dex:       It affects your dexterity (-4).
   rC:        It protects you from cold.
   Regen:     It increases your rate of health regeneration.
   Stlth:     It makes you more stealthy.
 t - a +0 pair of gloves
Jewellery
 f - a +6 ring of dexterity (left hand)
 j - an amulet of the acrobat (around neck)
 l - a ring of fire
Scrolls
 a - a scroll of identify
 g - a scroll of torment {unknown}
 m - a scroll of fear {unknown}
 s - 3 scrolls of brand weapon {unknown}
 u - a scroll of enchant weapon {unknown}
Potions
 d - a potion of might
 i - 2 potions of curing
 k - a potion of enlightenment {unknown}
 n - a potion of magic {unknown}
 o - a potion of lignification

Dungeon Overview and Level Annotations

Branches:
Dungeon (5/15)
 Temple: D:4-7

Altars:

Shops:
D:5 *

Annotations:
D:4 1 runed translucent door, Crazy Yiuf


Message History

The gnoll sergeant hits you but does no damage.
You block the gnoll sergeant's attack.
You see here a howler monkey corpse.
Enter note:
Enter note:
Enter note:
Enter note: You hit the gnoll sergeant.
The gnoll sergeant is lightly wounded.
The gnoll sergeant hits you but does no damage.
You hit the gnoll sergeant.
The gnoll sergeant is moderately wounded.
The gnoll sergeant hits you but does no damage.
You block the gnoll sergeant's attack.
You hit the gnoll sergeant but do no damage.
The gnoll sergeant is moderately wounded.
The gnoll sergeant hits you but does no damage.
You hit the gnoll sergeant but do no damage.
The gnoll sergeant is moderately wounded.
The gnoll sergeant completely misses you.
You barely miss the gnoll sergeant.
The gnoll sergeant is moderately wounded.
The gnoll sergeant closely misses you.
You hit the gnoll sergeant but do no damage.
The gnoll sergeant is moderately wounded.
The gnoll sergeant barely misses you.
You hit the gnoll sergeant but do no damage.
The gnoll sergeant is moderately wounded.
The gnoll sergeant hits you but does no damage.
You closely miss the gnoll sergeant.
The gnoll sergeant is moderately wounded.
The gnoll sergeant hits you but does no damage.
You slash the gnoll sergeant!
The gnoll sergeant is severely wounded.
The gnoll sergeant hits you with a +1 spear of venom.
You hit the gnoll sergeant.
The gnoll sergeant is severely wounded.
The gnoll sergeant hits you with a +1 spear of venom!
The gnoll sergeant hits you with a +1 spear of venom.
You die...

##...#
###.####...##
.....###..##
#..##
.........##
#..#
..^.....##
#..#
..#######
#..# ### #..#
# #..## . #
##).)##.... #
#..@).....# #
#..g......# #
#..........#
#
#...#...##..
## #..###.##
. .# ##. .#
.## #. .#
#.## #. ..
##.##


You could see a gnoll sergeant.

Vanquished Creatures
  A troll (D:5)
  Grinder (D:4)
  Sigmund (D:4)
  A black bear (D:4)
  2 phantoms (D:5)
  A scorpion (D:5)
  2 howler monkeys (D:5)
  2 jellies
  3 hounds (D:5)
  2 iguanas
  2 orc wizards
  Robin (D:4)
  8 gnolls
  6 adders
  2 ufetubi (D:5)
  A worm (D:2)
  2 dart slugs
  6 orcs (D:4)
  4 bats
  10 endoplasms
  4 giant cockroaches
  11 hobgoblins
  5 jackals
  6 kobolds
  4 quokkas
  2 ball pythons
  6 frilled lizards (D:1)
  18 goblins
  4 rats
118 creatures vanquished.

Notes
Turn   | Place    | Note
-------+----------+-------------------------------------------
     0 | D:1      | qw the Gargoyle Fighter began the quest for the Orb.
     0 | D:1      | Reached XP level 1. HP: 14/14 MP: 1/1
     0 | D:1      | 0 ||| qw: Version: 0.3-a-41-g9d075ac
     0 | D:1      | 0 ||| qw: Game counter: 829
     0 | D:1      | 0 ||| qw: Melee chars always use a shield: true
     0 | D:1      | 0 ||| qw: God list: Okawaru
     0 | D:1      | 0 ||| qw: Allow faded altars: false
     0 | D:1      | 0 ||| qw: Do Orc after clearing Dungeon:15 true
     0 | D:1      | 0 ||| qw: Do second Lair branch before Depths: true
     0 | D:1      | 0 ||| qw: Lair rune preference: random
     0 | D:1      | 0 ||| qw: Goals: Normal, Zot:1-4, Slime:5, God:TSO, Crypt,
                  | Tomb, Abyss, Pan, Hells, Win
     0 | D:1      | 0 ||| PLANNING D:1-11
    87 | D:1      | Reached skill level 2 in Axes
    95 | D:1      | 95 ||| Stepping ~*~*~tactically~*~*~ (stealth).
   116 | D:1      | 116 ||| FLEEEEING.
   117 | D:1      | 117 ||| FLEEEEING.
   118 | D:1      | 118 ||| FLEEEEING.
   125 | D:1      | Reached XP level 2. HP: 10/19 MP: 2/2
   202 | D:1      | 202 ||| Stepping ~*~*~tactically~*~*~ (stealth).
   247 | D:1      | 247 ||| Stepping ~*~*~tactically~*~*~ (hiding).
   480 | D:1      | 480 ||| Stepping ~*~*~tactically~*~*~ (stealth).
   481 | D:1      | 481 ||| Stepping ~*~*~tactically~*~*~ (stealth).
   485 | D:1      | Reached skill level 3 in Axes
   488 | D:1      | 488 ||| Stepping ~*~*~tactically~*~*~ (stealth).
   489 | D:1      | 489 ||| Stepping ~*~*~tactically~*~*~ (stealth).
   514 | D:1      | 514 ||| Stepping ~*~*~tactically~*~*~ (stealth).
   518 | D:1      | Reached XP level 3. HP: 23/23 MP: 3/3
   646 | D:1      | 646 ||| Stepping ~*~*~tactically~*~*~ (stealth).
   647 | D:1      | 647 ||| Stepping ~*~*~tactically~*~*~ (stealth).
   648 | D:1      | 648 ||| Stepping ~*~*~tactically~*~*~ (stealth).
   649 | D:1      | 649 ||| Stepping ~*~*~tactically~*~*~ (stealth).
   813 | D:1      | 813 ||| Stepping ~*~*~tactically~*~*~ (hiding).
   814 | D:1      | 814 ||| Stepping ~*~*~tactically~*~*~ (hiding).
  1074 | D:1      | 1074 ||| UPGRADING to +1 hat.
  1079 | D:1      | 1079 ||| DROPPING ring of magical power.
  1080 | D:1      | 1080 ||| READING 2 scrolls labelled EPIARO RATHU.
  1081 | D:1      | 1081 ||| READING scroll labelled JUTO DEMUOLYUMP.
  1082 | D:1      | 1082 ||| READING scroll labelled YJYAFIHAIM.
  1083 | D:1      | 1083 ||| DRINKING 2 emerald potions.
  1084 | D:1      | 1084 ||| DROPPING potion of invisibility.
  1160 | D:2      | 1160 ||| Stepping ~*~*~tactically~*~*~ (hiding).
  1233 | D:2      | Reached XP level 4. HP: 28/28 MP: 4/4
  1317 | D:2      | 1317 ||| Stepping ~*~*~tactically~*~*~ (stealth).
  1322 | D:2      | Reached skill level 4 in Axes
  1354 | D:2      | 1354 ||| Stepping ~*~*~tactically~*~*~ (stealth).
  1517 | D:2      | 1517 ||| Stepping ~*~*~tactically~*~*~ (hiding).
  1687 | D:2      | 1687 ||| Stepping ~*~*~tactically~*~*~ (stealth).
  1932 | D:3      | Found a faded altar of an unknown god.
  1997 | D:3      | 1997 ||| Stepping ~*~*~tactically~*~*~ (hiding).
  1999 | D:3      | 1999 ||| Stepping ~*~*~tactically~*~*~ (hiding).
  2000 | D:3      | 2000 ||| Stepping ~*~*~tactically~*~*~ (hiding).
  2001 | D:3      | 2001 ||| Stepping ~*~*~tactically~*~*~ (hiding).
  2002 | D:3      | 2002 ||| Stepping ~*~*~tactically~*~*~ (hiding).
  2003 | D:3      | 2003 ||| Stepping ~*~*~tactically~*~*~ (hiding).
  2080 | D:3      | 2080 ||| Stepping ~*~*~tactically~*~*~ (stealth).
  2081 | D:3      | 2081 ||| Stepping ~*~*~tactically~*~*~ (stealth).
  2082 | D:3      | 2082 ||| Stepping ~*~*~tactically~*~*~ (stealth).
  2084 | D:3      | 2084 ||| Stepping ~*~*~tactically~*~*~ (hiding).
  2085 | D:3      | 2085 ||| Stepping ~*~*~tactically~*~*~ (hiding).
  2086 | D:3      | 2086 ||| Stepping ~*~*~tactically~*~*~ (hiding).
  2089 | D:3      | 2089 ||| Stepping ~*~*~tactically~*~*~ (hiding).
  2091 | D:3      | 2091 ||| Stepping ~*~*~tactically~*~*~ (stealth).
  2096 | D:3      | HP: 5/28 [gnoll/+0 halberd (10)]
  2098 | D:3      | 2098 ||| FLEEEEING.
  2099 | D:3      | 2099 ||| FLEEEEING.
  2100 | D:3      | 2100 ||| FLEEEEING.
  2101 | D:3      | 2101 ||| FLEEEEING.
  2102 | D:3      | 2102 ||| FLEEEEING.
  2103 | D:3      | 2103 ||| FLEEEEING.
  2104 | D:3      | 2104 ||| FLEEEEING.
  2105 | D:3      | 2105 ||| FLEEEEING.
  2106 | D:3      | 2106 ||| FLEEEEING.
  2107 | D:3      | 2107 ||| FLEEEEING.
  2108 | D:3      | 2108 ||| FLEEEEING.
  2109 | D:3      | 2109 ||| FLEEEEING.
  2110 | D:3      | 2110 ||| FLEEEEING.
  2111 | D:3      | 2111 ||| FLEEEEING.
  2112 | D:3      | 2112 ||| FLEEEEING.
  2113 | D:3      | 2113 ||| FLEEEEING.
  2114 | D:3      | 2114 ||| FLEEEEING.
  2115 | D:3      | 2115 ||| FLEEEEING.
  2116 | D:3      | 2116 ||| FLEEEEING.
  2117 | D:3      | 2117 ||| FLEEEEING.
  2118 | D:3      | 2118 ||| FLEEEEING.
  2119 | D:3      | 2119 ||| FLEEEEING.
  2121 | D:3      | 2121 ||| FLEEEEING.
  2122 | D:3      | 2122 ||| STAIRDANCE
  2192 | D:2      | 2192 ||| UPGRADING to +0 cloak.
  2197 | D:2      | 2197 ||| UPGRADING to amulet of the acrobat.
  2202 | D:2      | 2202 ||| READING scroll labelled UCOKLI XIADEG.
  2210 | D:3      | Reached XP level 5. HP: 31/32 MP: 5/5
  2792 | D:3      | 2792 ||| UPGRADING to +2 hat.
  2802 | D:3      | 2802 ||| DROPPING +1 hat.
  2803 | D:3      | 2803 ||| DROPPING ring of flight.
  2804 | D:3      | 2804 ||| READING 2 scrolls of identify.
  2804 | D:3      | 2804 ||| IDENTIFYING green potion
  2836 | D:4      | Noticed a black bear
  2841 | D:4      | Killed a black bear
  2842 | D:4      | Reached skill level 5 in Axes
  2842 | D:4      | Reached XP level 6. HP: 37/37 MP: 6/6
  2875 | D:4      | 2875 ||| Stepping ~*~*~tactically~*~*~ (hiding).
  3035 | D:4      | Noticed Sigmund
  3041 | D:4      | Killed Sigmund
  3107 | D:4      | Noticed Grinder
  3108 | D:4      | 3108 ||| Stepping ~*~*~tactically~*~*~ (hiding).
  3126 | D:4      | Paralysed by Grinder for 5 turns
  3142 | D:4      | Paralysed by Grinder for 2 turns
  3162 | D:4      | Paralysed by Grinder for 3 turns
  3166 | D:4      | HP: 9/40 [Grinder (4)]
  3167 | D:4      | 3167 ||| DRINKING potion of heal wounds.
  3168 | D:4      | Killed Grinder
  3169 | D:4      | Reached XP level 7. HP: 35/44 MP: 7/7
  3454 | D:4      | 3454 ||| Stepping ~*~*~tactically~*~*~ (stealth).
  3495 | D:4      | 3495 ||| Stepping ~*~*~tactically~*~*~ (stealth).
  3499 | D:4      | Noticed Robin
  3527 | D:4      | Killed Robin
  3570 | D:4      | 3570 ||| DROPPING +0 whip.
  3612 | D:4      | Reached skill level 6 in Axes
  3624 | D:4      | Found a runed translucent door.
  3625 | D:4      | Noticed Crazy Yiuf
  3793 | D:4      | 3793 ||| FLEEEEING.
  3794 | D:4      | 3794 ||| FLEEEEING.
  3795 | D:4      | 3795 ||| FLEEEEING.
  3796 | D:4      | 3796 ||| FLEEEEING.
  3797 | D:4      | 3797 ||| FLEEEEING.
  3798 | D:4      | 3798 ||| FLEEEEING.
  3799 | D:4      | 3799 ||| FLEEEEING.
  3800 | D:4      | 3800 ||| FLEEEEING.
  3801 | D:4      | 3801 ||| FLEEEEING.
  3802 | D:4      | 3802 ||| STAIRDANCE
  3858 | D:3      | 3858 ||| UPGRADING to +1 cloak.
  3868 | D:3      | 3868 ||| DROPPING +0 cloak.
  3869 | D:3      | 3869 ||| UPGRADING to +6 ring of dexterity.
  3870 | D:3      | 3870 ||| DRINKING 2 murky emerald potions.
  3871 | D:3      | 3871 ||| DRINKING 2 silvery potions.
  3892 | D:3      | 3892 ||| READING 2 scrolls of identify.
  3892 | D:3      | 3892 ||| IDENTIFYING glowing brown potion
  3893 | D:3      | 3893 ||| DROPPING potion of brilliance.
  3896 | D:4      | 3896 ||| STAIRDANCE
  4118 | D:5      | Entered Level 5 of the Dungeon
  4247 | D:5      | Reached XP level 8. HP: 49/49 MP: 8/8
  4322 | D:5      | Reached skill level 7 in Axes
  4331 | D:5      | 4331 ||| Stepping ~*~*~tactically~*~*~ (stealth).
  4362 | D:5      | Identified the +1 ring mail of the Original Sin {rC+ Regen+
                  | Dex-4 Stlth+}
  4493 | D:5      | Found Atukyh's Assorted Antiques.
  4501 | D:5      | Reached skill level 1 in Throwing
  4509 | D:5      | 4509 ||| BUYING 3 scrolls labelled NUAPEV EWETUSCHACH (57
                  | gold).
  4509 | D:5      | Bought 3 scrolls labelled NUAPEV EWETUSCHACH for 57 gold
                  | pieces
  4509 | D:5      | 4509 ||| BUYING pair of gloves (85 gold).
  4509 | D:5      | Bought a pair of gloves for 85 gold pieces
  4841 | D:5      | 4841 ||| Stepping ~*~*~tactically~*~*~ (stealth).
  4915 | D:5      | Noticed a troll
  4916 | D:5      | 4916 ||| Stepping ~*~*~tactically~*~*~ (stealth).
  4931 | D:5      | Killed a troll
  4932 | D:5      | Reached skill level 8 in Axes
  4999 | D:5      | HP: 11/50 [gnoll sergeant/+1 spear of venom (5)]
  5014 | D:5      | HP: 11/51 [gnoll sergeant/+1 spear of venom (5)]
  5015 | D:5      | HP: 1/51 [gnoll sergeant/+1 spear of venom (10)]
  5015 | D:5      | Slain by a gnoll sergeant

Levels and vault maps discovered:
D:1:      minmay_arrival_four_loops, layout_basic
D:2:      layout_loops_ring
D:3:      layout_basic, basic_ecumenical_altar
D:4:      layout_loops_corners, uniq_crazy_yiuf_cottage, uniq_sigmund,
          uniq_robin, uniq_grinder
D:5:      layout_layer_cave, serial_shops, shop

Skill      XL: |  1  2  3  4  5  6  7  8 |
---------------+-------------------------+-----
Axes           | 2 3 4 5 6 8 |  8.3
Fighting       | 5 |  5.6
Dodging        | 2 |  2.8
Throwing       | 1 |  1.0
Armour         | |  3.2
Shields        | |  3.2

Action                     |  1- 3 |  4- 6 |  7- 9 || total
---------------------------+-------+-------+-------++-------
  Melee: War axe           |   111 |   145 |   157 ||   413
  Throw: Boomerang         |    19 |    15 |    56 ||    90
    Use: Scroll            |     3 |     2 |     1 ||     6
         Potion            |     1 |     1 |     2 ||     4
   Stab: Invisible         |     1 |       |       ||     1
 Armour: Scale mail        |    50 |    68 |    90 ||   208
  Dodge: Dodged            |    62 |    46 |    88 ||   196
  Block: Buckler           |    25 |    19 |    30 ||    74

Table legend:
 A = Non-vault XP
 B = Vault XP
 C = Vault XP percentage of total XP
 D = Non-vault monster count
 E = Vault monster count
 F = Vault count percentage of total count
                 A         B        C        D         E       F
            +---------+---------+-------+---------+---------+-------
      Total |    1539 |     562 |  26.7 |     103 |      15 |  12.7
            +---------+---------+-------+---------+---------+-------
        D:1 |      48 |       0 |   0.0 |      30 |       0 |   0.0
        D:2 |      73 |       0 |   0.0 |      20 |       0 |   0.0
        D:3 |     109 |       0 |   0.0 |      15 |       0 |   0.0
        D:4 |     289 |     562 |  66.0 |      18 |      15 |  45.5
        D:5 |    1020 |       0 |   0.0 |      20 |       0 |   0.0
            +---------+---------+-------+---------+---------+-------
